 Dungeon Crawl Stone Soup version 0.31.0-32-g396128a36d (webtiles) character file.

Game seed: 8360823258029652160

262 tizbic2 the Nimble (level 6, -5/44 HPs)
             Began as a Gnoll Wanderer on Apr 7, 2024.
             Was an Initiate of Hepliaklqana.
             Slain by an ogre
             ... wielding a +0 giant club
              (16 damage)
             ... on level 4 of the Dungeon.
             The game lasted 00:11:50 (3161 turns).

tizbic2 the Nimble (Gnoll Wanderer)                 Turns: 3161, Time: 00:11:51

Health: -5/44      AC:  8    Str: 17    XL:     6   Next: 18%
Magic:  14/14      EV: 14    Int: 11    God:    Hepliaklqana [......]
Gold:   234        SH:  0    Dex: 14    Spells: 15/15 levels left

rFire   . . .        t - +4 hand axe of the Gloaming {vamp, +Blink rN+ Str+6}
rCold   . . .        D - orb {mayhem}
rNeg    + . .        j - +0 scale mail
rPois   .            (no helmet)
rElec   .            i - +0 cloak
rCorr   .            z - +0 pair of gloves
SInv    .            (no boots)
Will    .....        (no amulet)
Stlth   +            (no ring)
HPRegen 0.27/turn    (no ring)
MPRegen 0.14/turn

%: mayhem
@: no status effects
A: fangs 1, strong nose, distributed training
a: Renounce Religion, Evoke Blink


You were on level 4 of the Dungeon.
You worshipped Hepliaklqana.
Hepliaklqana was noncommittal.
You visited 1 branch of the dungeon, and saw 4 of its levels.

You collected 234 gold pieces.

Inventory:

Hand Weapons
 t - the +4 hand axe of the Gloaming (weapon) {vamp, +Blink rN+ Str+6}
   (You found it on level 2 of the Dungeon)

   Str+6:     It affects your strength (+6).
   rN+:       It protects you from negative energy.
   +Blink:    It lets you blink.
Missiles
 b - 2 throwing nets
 f - 34 stones
 l - 9 poisoned darts (quivered)
 m - 4 boomerangs
Armour
 d - a +0 buckler
 i - a +0 cloak (worn)
 j - a +0 scale mail (worn)
 z - a +0 pair of gloves (worn)
 D - an orb of mayhem (worn)
Wands
 A - a wand of roots (5)
 B - a wand of quicksilver (5)
Scrolls
 a - a scroll of amnesia {unknown}
 g - a scroll of immolation {unknown}
 h - 4 scrolls of identify {unknown}
 k - a scroll of revelation {unknown}
 n - a scroll of butterflies {unknown}
 o - a scroll of enchant weapon {unknown}
 r - 4 scrolls of teleportation
 u - a scroll of noise {unknown}
 w - a scroll of fear {unknown}
 y - a scroll of poison {unknown}
Potions
 c - 2 potions of heal wounds
 e - a potion of berserk rage
 p - 2 potions of might {unknown}
 q - a potion of cancellation {unknown}
 s - a potion of ambrosia {unknown}
 v - a potion of mutation {unknown}
 x - a potion of haste {unknown}
 C - a potion of lignification {unknown}


   Skills:
 + Level 1.9 Fighting
 + Level 1.9 Short Blades
 + Level 5.0 Long Blades
 + Level 1.9 Axes
 + Level 1.9 Maces & Flails
 + Level 1.9 Polearms
 + Level 1.9 Staves
 + Level 1.9 Ranged Weapons
 + Level 1.9 Throwing
 + Level 1.9 Armour
 + Level 10.6 Dodging
 + Level 1.9 Stealth
 + Level 3.2 Shields
 + Level 1.9 Unarmed Combat
 + Level 5.3 Spellcasting
 + Level 1.5 Conjurations
 + Level 1.5 Hexes
 + Level 1.5 Summonings
 + Level 1.5 Necromancy
 + Level 1.5 Translocations
 + Level 1.5 Fire Magic
 + Level 1.5 Ice Magic
 + Level 1.5 Air Magic
 + Level 1.5 Earth Magic
 + Level 1.5 Alchemy
 + Level 2.1 Invocations
 + Level 1.9 Evocations
 + Level 1.7 Shapeshifting


You had 15 spell levels left.
You didn't know any spells.
Your spell library contained the following spells:

 Spells                   Type           Power      Damage    Failure   Level
 Mercury Vapours          Alch/Air       12%        N/A       50%         2
 Call Canine Familiar     Summ           6%         N/A       75%         3
 Frozen Ramparts          Ice            12%        1d2       75%         3
 Mephitic Cloud           Conj/Alch/Air  6%         N/A       75%         3
 Sigil of Binding         Hex            6%         N/A       75%         3
 Dimensional Bullseye     Hex/Tloc       3%         N/A       98%         4
 Leda's Liquefaction      Alch/Erth      3%         N/A       98%         4
 Petrify                  Alch/Erth      6%         N/A       98%         4
 Freezing Cloud           Conj/Ice/Air   3%         6-21      100%        5
 Metabolic Englaciation   Hex/Ice        3%         N/A       100%        5


Dungeon Overview and Level Annotations

Branches:
Dungeon (4/15)
 Temple: D:4-7

Altars:
Cheibriados
Elyvilon
Hepliaklqana
Makhleb
Sif Muna
Xom

Shops:
D:3 [

Annotations:
D:3 2 transporters


Innate Abilities, Weirdness & Mutations

You have very sharp teeth.
Your uncanny sense of smell can sniff out nearby items.
Your experience applies equally to all skills.


Message History

The orc priest is severely wounded.
The orc hits the orc priest with a +0 whip!
The orc priest dies!
Your Long Blades skill increases to level 5!
You hit the orc.
You kill the orc!
Items here: )) [ ††.
Things that are here:
a +0 dagger; an orc corpse You see here a +0 dagger.
You hit the orc but do no damage. The orc barely misses you.
You hit the orc but do no damage. The orc misses you.
You hit the orc.
The orc is moderately wounded.
The orc hits you but does no damage. The orc hits you with a +0 hand axe.
You barely miss the orc.
The orc is moderately wounded.
The orc barely misses you.
You barely miss the orc.
The orc is moderately wounded.
The orc closely misses you.
You hit the orc but do no damage.
The orc is moderately wounded.
The orc hits you with a +0 hand axe.
You hit the orc.
You kill the orc!
You slash the ogre! Your bite misses the ogre.
The ogre is moderately wounded.
The ogre hits you with a +0 giant club!!
You hit the ogre.
You feel better.
The ogre is heavily wounded.
The ogre barely misses you.
You slash the ogre! You bite the ogre.
The ogre is almost dead.
The ogre hits you with a +0 giant club!
* * * LOW HITPOINT WARNING * * *
You hit the ogre but do no damage. You bite the ogre, but do no damage.
The ogre is almost dead.
The ogre hits you with a +0 giant club!
You die...

.O.... ... ........ o....>
<...∆#.......... ....#
.#.. #..........
#...#.#.#.#..........
#....#.#..#.........
#...#.#..##...#.... #####
#......#........... #....
##O#.#...#......#.. #....
##@...#.........#..
#....##).......#.###.....
#.....))#...#....# #.....
#.....###......).###.#.#.
#....## ##.#.........#.#.
#....## #.##...#.##.#.##
##.....# ##.##..........#.
#......###..#..#.#.#......
#........................_


You could see an ogre.

Vanquished Creatures
  An iguana (D:3)
  An orc wizard (D:4)
  4 gnolls (D:4)
  5 adders
  3 dart slugs
  A ribbon worm (D:2)
  9 orcs (D:4)
  7 ball pythons
  3 bats
  5 endoplasms
  5 giant cockroaches
  9 goblins
  8 hobgoblins
  A jackal (D:2)
  3 quokkas
  2 frilled lizards (D:2)
  10 kobolds
  7 rats
84 creatures vanquished.

Vanquished Creatures (collateral kills)
  An orc priest (D:4)
1 creature vanquished.

Grand Total: 85 creatures vanquished

Notes
Turn   | Place    | Note
-------+----------+-------------------------------------------
     0 | D:1      | Reached skill level 10 in Dodging
     0 | D:1      | tizbic2 the Gnoll Wanderer began the quest for the Orb.
     0 | D:1      | tizbic2 set off with the following items: a +0 falchion, 2
                  | throwing nets, a +0 leather armour, a +0 buckler, a potion
                  | of berserk rage.
     0 | D:1      | Reached XP level 1. HP: 13/13 MP: 6/6
    79 | D:1      | Reached XP level 2. HP: 17/19 MP: 7/7
   983 | D:2      | Reached skill level 5 in Spellcasting
   983 | D:2      | Reached XP level 3. HP: 23/25 MP: 7/9
  1056 | D:2      | Found a white marble altar of Elyvilon.
  1143 | D:2      | Reached skill level 1 in Invocations
  1363 | D:2      | Reached skill level 1 in Fighting
  1363 | D:2      | Reached skill level 1 in Short Blades
  1363 | D:2      | Reached skill level 1 in Axes
  1363 | D:2      | Reached skill level 1 in Maces & Flails
  1363 | D:2      | Reached skill level 1 in Polearms
  1363 | D:2      | Reached skill level 1 in Staves
  1363 | D:2      | Reached skill level 1 in Ranged Weapons
  1363 | D:2      | Reached skill level 1 in Throwing
  1363 | D:2      | Reached skill level 1 in Armour
  1363 | D:2      | Reached skill level 1 in Stealth
  1363 | D:2      | Reached skill level 1 in Unarmed Combat
  1363 | D:2      | Reached skill level 1 in Evocations
  1382 | D:2      | Reached skill level 1 in Shapeshifting
  1382 | D:2      | Reached XP level 4. HP: 22/32 MP: 11/11
  1566 | D:2      | Identified the +4 hand axe of the Gloaming {vamp, +Blink
                  | rN+ Str+6}
  1661 | D:2      | Reached skill level 1 in Conjurations
  1661 | D:2      | Reached skill level 1 in Hexes
  1661 | D:2      | Reached skill level 1 in Summonings
  1661 | D:2      | Reached skill level 1 in Necromancy
  1661 | D:2      | Reached skill level 1 in Translocations
  1661 | D:2      | Reached skill level 1 in Fire Magic
  1661 | D:2      | Reached skill level 1 in Ice Magic
  1661 | D:2      | Reached skill level 1 in Air Magic
  1661 | D:2      | Reached skill level 1 in Earth Magic
  1661 | D:2      | Reached skill level 1 in Alchemy
  1842 | D:3      | Reached XP level 5. HP: 5/37 MP: 12/12
  2029 | D:3      | Found a transporter.
  2061 | D:3      | Found a transporter.
  2096 | D:3      | Found a faded altar of an unknown god.
  2133 | D:3      | Found a shimmering altar of Xom.
  2134 | D:3      | Found a hazy altar of Hepliaklqana.
  2135 | D:3      | Noticed a spectral ugly thing
  2138 | D:3      | Became a worshipper of Hepliaklqana the Forgotten
  2174 | D:3      | Found Eplofev's Antique Armour Shoppe.
  2187 | D:3      | Found a shimmering blue altar of Sif Muna.
  2413 | D:3      | Found a burning altar of Makhleb.
  2427 | D:3      | Noticed an Executioner
  2432 | D:3      | Noticed a smoke demon
  2432 | D:3      | Noticed a hellwing
  2502 | D:4      | HP: 1/55 [gnoll/+0 whip (6)]
  2849 | D:4      | Found a snail-covered altar of Cheibriados.
  2897 | D:4      | Reached XP level 6. HP: 29/44 MP: 13/13
  3146 | D:4      | Reached skill level 5 in Long Blades
  3161 | D:4      | Slain by an ogre

Illustrated notes

Levels and vault maps discovered:
D:1:      arrival_zaba_pyramid, layout_loops_ring,
          chequers_serial_rivers_room_a, minivault_23
D:2:      kennysheep_big_flooded_room, layout_basic, basic_altar,
          minmay_increasing_density
D:3:      layout_basic, regret_index_temple_of_mockery,
          makhleb_altar_promises_db, mainiacjoe_overflow_concentric_impassable,
          ebering_ecumenical_altar_sacrificial, gammafunk_ghost_gnarly_gnolls,
          serial_shops, nicolae_shop_dealshenge
D:4:      layout_rooms, mainiacjoe_overflow_alcove_1, nicolae_overflow_squiral,
          minivault_5, saegor_snake_ambush

Skill      XL: |  1  2  3  4  5  6 |
---------------+-------------------+-----
Dodging        | | 10.6
Spellcasting   | 5 |  5.3
Invocations    | 1 2 |  2.1
Fighting       | 1 |  1.9
Short Blades   | 1 |  1.9
Axes           | 1 |  1.9
Maces & Flails | 1 |  1.9
Polearms       | 1 |  1.9
Staves         | 1 |  1.9
Ranged Weapons | 1 |  1.9
Throwing       | 1 |  1.9
Armour         | 1 |  1.9
Stealth        | 1 |  1.9
Unarmed Combat | 1 |  1.9
Evocations     | 1 |  1.9
Shapeshifting  | 1 |  1.7
Conjurations   | 1 |  1.5
Hexes          | 1 |  1.5
Summonings     | 1 |  1.5
Necromancy     | 1 |  1.5
Translocations | 1 |  1.5
Fire Magic     | 1 |  1.5
Ice Magic      | 1 |  1.5
Air Magic      | 1 |  1.5
Earth Magic    | 1 |  1.5
Alchemy        | 1 |  1.5
Shields        | 3 |  3.2
Long Blades    | 5 |  5.0

Action                     |  1- 3 |  4- 6 || total
---------------------------+-------+-------++-------
  Melee: Falchion          |    34 |     8 ||    42
         Bite              |    21 |    10 ||    31
         Staff             |   133 |    12 ||   145
         Hand axe          |       |   126 ||   126
  Throw: Dart              |    11 |       ||    11
         Boomerang         |     1 |       ||     1
    Use: Scroll            |     1 |       ||     1
         Potion            |       |     2 ||     2
 Armour: Leather armour    |    20 |       ||    20
         Scale mail        |    83 |   114 ||   197
  Dodge: Dodged            |   109 |   105 ||   214
  Block: Buckler           |    48 |    27 ||    75
